 Dungeon Crawl Stone Soup version 0.25.1-2-g60ff931df9 (webtiles) character file.

Game seed: 13864992284447561507

342 Michielg the Firebug (level 6, -1/47 HPs)
             Began as a Draconian Fire Elementalist on Sept 10, 2020.
             Was an Initiate of Qazlal.
             Slain by an orc wizard
             ... wielding a +0 dagger
              (5 damage)
             ... on level 5 of the Dungeon.
             The game lasted 00:24:11 (5480 turns).

Michielg the Firebug (Draconian Fire Elementalist)  Turns: 5480, Time: 00:24:11

Health: -1/47      AC:  6    Str: 10    XL:     6   Next: 30%
Magic:  10/10      EV: 13    Int: 17    God:    Qazlal [......]
Gold:   249        SH:  0    Dex: 18    Spells: 10/11 levels left

rFire    + . .     SeeInvis .   m - +2 great sword (protect)
rCold    . . .     Gourm    .   (shield currently unavailable)
rNeg     . . .     Faith    .   (armour unavailable)
rPois    .         Spirit   .   (helmet restricted)
rElec    .         Reflect  .   (no cloak)
rCorr    .         Harm     .   (no gloves)
MR       .....                  (no boots)
Stlth    ++........             o - amulet of the acrobat
HPRegen  0.15/turn              j - ring of protection from fire
MPRegen  0.12/turn              q - +6 ring of dexterity

@: no status effects
A: unfitting armour, cold-blooded, AC +6
a: Renounce Religion


You were on level 5 of the Dungeon.
You worshipped Qazlal.
Qazlal was noncommittal.
You were not hungry.

You visited 1 branch of the dungeon, and saw 6 of its levels.

You collected 249 gold pieces.

Inventory:

Hand Weapons
 a - a +0 short sword
 i - a +0 dagger
 k - a +0 dagger
 m - a +2 great sword of protection (weapon)
 t - a +1 vampiric great sword
Jewellery
 j - a ring of protection from fire (left hand)
 o - an amulet of the acrobat (around neck)
 q - a +6 ring of dexterity (right hand)
Scrolls
 g - a scroll of remove curse
 h - 2 scrolls of identify
 l - a scroll of enchant weapon
 p - 2 scrolls of immolation
 r - a scroll of teleportation {unknown}
 u - a scroll of amnesia
 v - a scroll of fog {unknown}
 x - a scroll of random uselessness {unknown}
Potions
 c - 2 potions of might
 d - a potion of heal wounds
 e - a potion of haste {unknown}
 f - 2 potions of curing {unknown}
 n - a potion of cancellation
 w - a potion of magic {unknown}
Comestibles
 b - 5 rations
 s - 2 chunks of flesh


   Skills:
 + Level 1.4 Fighting
 + Level 2.8(3.1) Short Blades
 + Level 1.4(2.4) Long Blades
 + Level 2.6 Dodging
 + Level 2.3 Stealth
 + Level 3.0 Spellcasting
 + Level 2.1 Conjurations
 + Level 3.9 Fire Magic


You had 10 spell levels left.
You knew the following spells:

 Your Spells              Type           Power        Failure   Level  Hunger
a - Foxfire               Conj/Fire      ##..         4%          1    None

Your spell library contained the following spells:

 Spells                   Type           Power        Failure   Level  Hunger
 Conjure Flame            Conj/Fire      ##......     16%         3    ###....
 Inner Flame              Hex/Fire       #.......     24%         3    ###....
 Sticky Flame             Conj/Fire      ##......     45%         4    ####...
 Fireball                 Conj/Fire      ##........   80%         5    ######.


Dungeon Overview and Level Annotations

Branches:
Dungeon (6/15)
 Temple: D:4-7

Altars:
Kikubaaqudgha
Qazlal


Innate Abilities, Weirdness & Mutations

Your plain brown scales are hard. (AC +6)
You cannot fit into any form of body armour.
You are cold-blooded and may be slowed by cold attacks.


Message History

There is a stone staircase leading down here.
The orc wizard gestures wildly while chanting.
The orc wizard blinks!
The orc priest begins to cast a cantrip, but forgets the words!
You climb downwards. 3 orcs, an orc wizard and a skeleton come into view.
The orc wizard shouts!
The orc shouts! x3
Found 4 gold pieces and 19 stones.
There is a stone staircase leading up here.
The orc wizard gestures at you while chanting.
You resist with some effort.
You climb upwards.
You feel yourself speed up.
The orc wizard gestures at you while chanting.
The magic dart hits you.
* * * LOW HITPOINT WARNING * * *
The orc priest hits you from afar with a +0 trident.
* * * LOW HITPOINT WARNING * * *
The orc wizard hits you with a +0 dagger.
You die...

###........###....
##...###..###...
#######..#.#
##.....##
#.........o#
####..#
#..........# ##.##
#..........# #....
#####.####.# #.##.
#o## #.# #.###
#@.###.## ##.#
##..##..### #o.#
####o###...# #.##
#.......o#.# #ยง#
#........#.# #.#
#........#o###o#
#........#.##..#
#........#)...#####
######)............


You could see an orc priest and an orc wizard.

Vanquished Creatures
  A scorpion (D:5)
  A howler monkey (D:5)
  3 worker ants
  The ghost of bouboulover83 the Grave Robber, a weakling HuNe (D:3)
  A hound zombie (D:5)
  6 adders
  A shadow imp (D:5)
  2 worms
  2 dart slugs
  6 leopard geckos
  3 orcs
  2 ball pythons
  6 bats
  4 giant cockroaches
  11 goblins
  10 hobgoblins
  2 jackals (D:1)
  4 kobolds
  A quokka (D:3)
  3 frilled lizards
  2 jackal skeletons
  3 rats (D:2)
75 creatures vanquished.

Vanquished Creatures (others)
  111 foxfires
111 creatures vanquished.

Grand Total: 186 creatures vanquished

Notes
Turn   | Place    | Note
-------+----------+-------------------------------------------
     0 | D:1      | Michielg the Draconian Fire Elementalist began the quest
                  | for the Orb.
     0 | D:1      | Reached XP level 1. HP: 14/14 MP: 3/3
   319 | D:1      | Reached XP level 2. HP: 20/20 MP: 1/5
  1140 | D:2      | Reached XP level 3. HP: 15/26 MP: 4/6
  1965 | D:2      | Reached skill level 1 in Short Blades
  2485 | D:2      | Reached XP level 4. HP: 32/34 MP: 3/7
  3416 | D:3      | Found a stormy altar of Qazlal.
  3421 | D:3      | Became a worshipper of Qazlal Stormbringer
  3932 | D:3      | Found a runed translucent door.
  3934 | D:3      | Noticed bouboulover83's ghost (weakling HuNe)
  4141 | D:3      | Killed bouboulover83's ghost
  4141 | D:3      | Reached XP level 5. HP: 6/39 MP: 6/9
  4800 | D:4      | Reached skill level 1 in Fighting
  4988 | D:5      | Entered Level 5 of the Dungeon
  5017 | D:5      | Reached skill level 1 in Long Blades
  5022 | D:5      | Reached XP level 6. HP: 47/47 MP: 6/10
  5100 | D:5      | Found an ancient bone altar of Kikubaaqudgha.
  5480 | D:5      | Slain by an orc wizard

Illustrated notes

Levels and vault maps discovered:
D:1:      dpeg_arrival_shrine, layout_basic
D:2:      minmay_inner_zag, layout_loops_corners, first_ration
D:3:      layout_loops_ring, ebering_ghost_inner_flame, st_stairs_4,
          hangedman_feature_mirror, nrook_mini_backslash, grunt_qazlal_clouds
D:4:      layout_basic, minmay_misc_feat_square
D:5:      layout_rooms, lemuel_round_altar, kennysheep_pointless_box
D:6:      layout_loops_corners, minmay_temple_entry_sparse_star

Skill      XL: |  1  2  3  4  5  6 |
---------------+-------------------+-----
Dodging        | 2 |  2.6
Short Blades   | 1 2 |  2.8
Stealth        | 2 |  2.3
Fighting       | 1 |  1.4
Conjurations   | 2 |  2.1
Long Blades    | 1 |  1.4
Spellcasting   | 3 |  3.0
Fire Magic     | |  3.9

Action                   |  1- 3 |  4- 6 || total
-------------------------+-------+-------++-------
Melee: Short sword       |   109 |    32 ||   141
       Tailslap          |     7 |     5 ||    12
       Unarmed           |     1 |       ||     1
       Dagger            |       |    21 ||    21
       Great sword       |       |    28 ||    28
 Cast: Foxfire           |    40 |    52 ||    92
  Use: Scroll            |     3 |     6 ||     9
 Stab: Sleeping          |       |     1 ||     1
  Eat: Chunk             |     5 |       ||     5
       Ration            |       |     3 ||     3
Armor: Skin              |    21 |    24 ||    45
Dodge: Dodged            |    90 |    79 ||   169
       Rpst.: Great sword |       |    10 ||    10
